 Dungeon Crawl Stone Soup version 0.19.3-1-g3169bf9 (webtiles) character file.

7815 Gargoyl the Protected (level 11, -7/92 HPs)
             Began as a Ghoul Abyssal Knight on Jan 23, 2017.
             Was a Priest of Lugonu.
             Mangled by an orc warrior
             ... wielding a +0 trident
              (12 damage)
             ... on level 10 of the Dungeon.
             The game lasted 00:23:57 (10136 turns).

Gargoyl the Protected (Ghoul Abyssal Knight)       Turns: 10136, Time: 00:23:57

Health: -7/92      AC: 20    Str: 18      XL:     11   Next: 21%
Magic:  15/15      EV:  5    Int:  2      God:    Lugonu [***...]
Gold:   1170       SH:  9    Dex:  9 (10) Spells: 0 memorised, 10 levels left

rFire  + + .     SeeInvis .     d - +7 mace of Grandeur {crush, rPois rF++ Int-5}
rCold  + . .     Gourm    .     s - +0 plate armour
rNeg   + + +     Faith    .     n - +0 shield
rPois  ∞         Spirit   .     (no helmet)
rElec  .         Reflect  .     u - +2 cloak
rCorr  +         Harm     .     E - +2 pair of gloves
MR     +....                    (no boots)
Stlth  ..........               (no amulet)
                                F - ring of resist corrosion
                                C - ring of protection from magic

@: rotting, slowed, very slow
A: rotting body, claws 1, carnivore 3, cold resistance 1, negative energy
resistance 3, slow regeneration 1, torment resistance, unbreathing
a: Depart the Abyss, Bend Space, Banish, Renounce Religion


You were on level 10 of the Dungeon.
You worshipped Lugonu.
Lugonu was most pleased with you.
You were not hungry.

You visited 1 branch of the dungeon, and saw 10 of its levels.
You visited the Abyss 3 times.
You also visited: Sewer and Ossuary.

You collected 1170 gold pieces.

Inventory:

Hand Weapons
 a - a +2 hand axe
 d - the +7 mace of Grandeur (weapon) {crush, rPois rF++ Int-5}
   (You found it on level 3 of the Abyss)

   It inflicts extra damage upon your enemies.
   It affects your intelligence (-5).
   It greatly protects you from fire.
   It protects you from poison.
 M - a +2 war axe
Missiles
 y - 2 poisoned tomahawks (quivered)
 H - 4 tomahawks
Armour
 n - a +0 shield (worn)
 s - a +0 plate armour (worn)
 t - +0 ice dragon scales
 u - a +2 cloak (worn)
 E - a +2 pair of gloves (worn)
Jewellery
 C - a ring of protection from magic (left hand)
 F - a ring of resist corrosion (right hand)
Wands
 h - a wand of iceblast (4/15)
 m - a wand of polymorph (2/24)
 G - a wand of lightning (13/15)
 I - a wand of enslavement (1/24)
Scrolls
 b - 2 scrolls of fog
 f - 13 scrolls of teleportation
 g - a scroll of identify
 i - 2 scrolls of magic mapping
 l - 3 scrolls of remove curse
 r - 2 scrolls of blinking
Potions
 e - 3 potions of curing
 o - 6 potions of might
 p - 7 potions of brilliance
 v - 5 potions of flight
 w - 3 potions of magic
 z - 2 potions of cancellation
 A - a potion of invisibility
 D - 2 potions of haste
Books
 q - a book of Changes

   Spells                             Type                      Level
   a - Beastly Appendage              Transmutation                1
   b - Sticks to Snakes               Transmutation                2
   c - Spider Form                    Transmutation/Poison         3
   d - Ice Form                       Ice/Transmutation            4
   e - Blade Hands                    Transmutation                5
 x - a book of Cantrips

   Spells                             Type                      Level
   a - Confusing Touch                Hexes                        1
   b - Animate Skeleton               Necromancy                   1
   c - Summon Small Mammal            Summoning                    1
   d - Apportation                    Translocation                1
 J - a book of Geomancy

   Spells                             Type                      Level
   a - Sandblast                      Earth                        1
   b - Passwall                       Transmutation/Earth          2
   c - Stone Arrow                    Conjuration/Earth            3
   d - Petrify                        Transmutation/Earth          4
   e - Lee's Rapid Deconstruction     Earth                        5
Comestibles
 c - 2 meat rations
 j - 2 beef jerkies
 k - 2 slices of pizza
 L - a royal jelly


   Skills:
 + Level 7.1 Fighting
 + Level 1.8(5.1) Axes
 + Level 7.6(7.7) Maces & Flails
 * Level 9.1 Armour
 + Level 3.3 Dodging
 + Level 5.1 Shields
 * Level 7.8 Invocations


You had 10 spell levels left.
You didn't know any spells.

Dungeon Overview and Level Annotations

Branches:
Dungeon (10/15)            Temple (0/1) D:4
   Lair: D:8-11         Orc: D:9-12

Altars:
Dithmenos
Fedhas
Makhleb
Nemelex Xobeh
Okawaru
Qazlal
Ru
Sif Muna
Trog
Uskayaw
Yredelemnul
Zin

Shops:
D:4 %   D:8 (

Annotations:
Abyss:1 Menkaure


Innate Abilities, Weirdness & Mutations

Your body is rotting away.
You thrive on raw meat.
You are immune to poison.
You have sharp fingernails.
You are carnivorous and can eat meat at any time.
Your flesh is cold resistant. (rC+)
You are immune to negative energy. (rN+++)
You regenerate slowly when monsters are visible.
You are immune to unholy pain and torment.
You can survive without breathing.


Message History

An orc comes into view. It is wielding a mace.
The orc shouts!
Found a small bronze ring.
Found an escape hatch in the ceiling.
An orc warrior and an orc wizard come into view.
The orc wizard shouts!
The orc warrior shouts!
You sock the hound!
The hound is severely wounded.
The hound bites you but does no damage. x2 2 orcs and a wraith come into view.
The orc shouts!
You sock the hound!
You kill the hound!
Lugonu accepts your kill. The orc hits you but does no damage.
You block the orc's attack.
A bullfrog zombie comes into view.
Unknown command.
The orc warrior hits you from afar with a trident!
* * * LOW HITPOINT WARNING * * *
The orc warrior hits you from afar with a trident!
You die... #.. #.. .####.. ..o.... ....... ho...

#W.######..#
#.o.o@.ooZ.#
#..######<.#
#.. #.= #..
#.. #.. #..


You could see a wraith, an orc warrior, an orc wizard, 3 orcs, a bullfrog zombie
and a jackal (wandering).

Vanquished Creatures
  Josephine (D:10)
  A wizard (Abyss:1)
  Psyche (D:8)
  The ghost of Kloppie the Skirmisher, a novice GrBe of Trog (D:4)
  An ancient zyme (Abyss:1)
  4 trolls
  A two-headed ogre (D:7)
  2 hippogriffs (D:9)
  A wyvern (D:9)
  Grum (D:8)
  Eustachio (D:5)
  2 hungry ghosts
  Edmund (D:6)
  A water moccasin (D:7)
  A small abomination (Abyss:1)
  The ghost of Lahna the Sneak, an amateur SpEn (Sewer)
  An orc warrior (D:7)
  2 black bears (D:6)
  A sky beast (D:5)
  Purgy (Sewer)
  2 phantoms
  5 centaurs
  An ogre (D:6)
  3 wolves
  3 bullfrogs
  A centaur zombie (D:5)
  8 orc priests
  4 hounds
  2 jellies
  A quasit (D:9)
  Crazy Yiuf (D:3)
  A gnoll shaman (D:5)
  6 orc wizards
  A bullfrog skeleton (D:4)
  Terence (D:2)
  3 iguanas
  7 worker ants
  A killer bee zombie (D:7)
  A big kobold zombie (Ossuary)
  A hound zombie (D:6)
  A hound skeleton (D:9)
  8 mummies (Ossuary)
  6 gnolls
  5 adders
  3 shadow imps
  4 oozes
  3 adder skeletons
  2 adder zombies (D:2)
  6 worms
  A dart slug (D:2)
  5 leopard geckos
  29 orcs
  6 ball pythons
  7 bats
  2 giant cockroaches
  A gnoll zombie (Ossuary)
  10 hobgoblins
  13 jackals
  2 quokkas
  A ball python skeleton (D:2)
  7 frilled lizards
  3 goblins
  2 hobgoblin zombies (Ossuary)
  A jackal skeleton (D:2)
  2 jackal zombies
  4 kobolds
  A kobold zombie (Ossuary)
  3 orc zombies (Ossuary)
  2 quokka skeletons
  8 rats
  A fungus (D:3)
228 creatures vanquished.

Vanquished Creatures (others)
  A troll (D:9)
  A worker ant (D:4)
2 creatures vanquished.

Grand Total: 230 creatures vanquished

Notes
Turn   | Place    | Note
-------+----------+-------------------------------------------
     0 | Abyss:1  | Gargoyl the Ghoul Abyssal Knight began the quest for the Orb.
     0 | Abyss:1  | Reached XP level 1. HP: 19/19 MP: 1/1
    62 | Abyss:1  | Noticed a large abomination
   116 | Abyss:3  | Noticed a deep elf demonologist
   126 | Abyss:3  | Got a slimy mace
   147 | Abyss:3  | Noticed a large abomination
   148 | D:1      | Escaped the Abyss
   149 | D:1      | Identified the +7 mace of Grandeur {crush, rPois rF++ Int-5} (You found it on level 3 of the Abyss)
   346 | D:1      | Reached skill level 2 in Armour
   491 | D:1      | Reached XP level 2. HP: 27/27 MP: 2/2
   584 | D:1      | Reached * piety under Lugonu
  1093 | D:2      | Reached XP level 3. HP: 22/33 MP: 3/3
  1215 | D:2      | You fall through a shaft!
  1241 | D:3      | Reached skill level 1 in Dodging
  1517 | D:2      | Noticed Terence
  1526 | D:2      | Killed Terence
  1526 | D:2      | Reached skill level 1 in Maces & Flails
  1526 | D:2      | Reached XP level 4. HP: 40/40 MP: 4/4
  1797 | D:2      | Reached ** piety under Lugonu
  1907 | D:2      | Found a burning altar of Makhleb.
  1940 | D:2      | Reached XP level 5. HP: 46/46 MP: 5/5
  2193 | D:3      | Reached skill level 3 in Armour
  2206 | D:3      | Found an iron altar of Okawaru.
  2661 | D:3      | Found a runed door.
  2665 | D:3      | Noticed Crazy Yiuf
  2672 | D:3      | Killed Crazy Yiuf
  2672 | D:3      | Reached skill level 1 in Shields
  2672 | D:3      | Reached XP level 6. HP: 37/52 MP: 0/7
  2803 | D:4      | Got a steaming longbow
  2859 | D:4      | Found a glowing drain.
  2870 | Sewer    | Entered a sewer
  2930 | Sewer    | Noticed Purgy
  2940 | Sewer    | Killed Purgy
  2977 | Sewer    | Noticed Lahna's ghost (amateur SpEn)
  2995 | Sewer    | Killed Lahna's ghost
  2995 | Sewer    | Reached XP level 7. HP: 49/60 MP: 8/8
  3142 | D:4      | Found Perolo's Food Boutique.
  3170 | D:4      | Noticed Kloppie's ghost (novice GrBe)
  3196 | D:4      | HP: 2/60 [spatial distortion (2)]
  3508 | D:4      | Killed Kloppie's ghost
  3508 | D:4      | Reached skill level 4 in Armour
  3611 | D:4      | Found a shadowy altar of Dithmenos.
  3650 | D:4      | Reached XP level 8. HP: 67/67 MP: 10/10
  3655 | D:4      | Reached skill level 5 in Armour
  3667 | D:4      | Reached *** piety under Lugonu
  3764 | D:4      | Identified the +5 longbow of the Dungeon {speed, Int+2} (You found it on level 4 of the Dungeon)
  4060 | D:4      | Found a staircase to the Ecumenical Temple.
  4091 | D:5      | Entered Level 5 of the Dungeon
  4091 | D:5      | Noticed Eustachio
  4093 | D:5      | Noticed Menkaure
  4105 | D:4      | Banished Menkaure
  4360 | D:5      | Killed Eustachio
  4475 | D:5      | Found a stormy altar of Qazlal.
  4855 | D:5      | Reached skill level 5 in Fighting
  4855 | D:5      | Reached skill level 6 in Armour
  4962 | D:5      | Found a glowing silver altar of Zin.
  5054 | D:5      | Reached skill level 5 in Invocations
  5063 | D:5      | Reached skill level 5 in Maces & Flails
  5437 | D:6      | Found a bloodstained altar of Trog.
  5439 | D:6      | Noticed Edmund
  5443 | D:6      | Reached XP level 9. HP: 71/74 MP: 11/11
  5467 | D:6      | Killed Edmund
  5529 | D:6      | Found a sand-covered staircase.
  5534 | Ossuary  | Entered an ossuary
  5863 | D:6      | Reached **** piety under Lugonu
  6159 | D:6      | Found a sparkling altar of Nemelex Xobeh.
  6242 | D:6      | Found a blossoming altar of Fedhas.
  6928 | D:7      | Reached skill level 7 in Armour
  6953 | D:8      | Noticed a two-headed ogre
  6961 | D:7      | Killed a two-headed ogre
  6961 | D:7      | Reached XP level 10. HP: 29/83 MP: 13/13
  7212 | D:8      | Noticed Psyche
  7221 | D:8      | Cast into level 1 of the Abyss (Psyche)
  7247 | Abyss:1  | Noticed a wizard
  7254 | Abyss:1  | Killed a wizard
  7361 | D:8      | Escaped the Abyss
  7565 | D:8      | Noticed Grum
  7581 | D:8      | Killed Grum
  7815 | D:8      | Cast into level 1 of the Abyss (Psyche)
  7876 | Abyss:1  | Noticed a starcursed mass
  7877 | D:8      | Escaped the Abyss
  7957 | D:8      | Found Elidwide's Antique Weapon Emporium.
  8031 | D:8      | Found a deep blue altar of Sif Muna.
  8110 | D:8      | Found a hide-covered altar of Uskayaw.
  8314 | D:8      | Killed Psyche
  8480 | D:9      | Lost intelligence.
  8515 | D:9      | HP: 2/84 [troll (4)]
  8782 | D:9      | Reached skill level 8 in Armour
  8808 | D:9      | Found a sacrificial altar of Ru.
  9027 | D:9      | Found a basalt altar of Yredelemnul.
  9714 | D:10     | Entered Level 10 of the Dungeon
  9846 | D:9      | Reached XP level 11. HP: 83/90 MP: 15/15
 10106 | D:10     | Noticed Josephine
 10126 | D:10     | Killed Josephine
 10126 | D:10     | Reached skill level 9 in Armour
 10126 | D:10     | Reached skill level 5 in Shields
 10132 | D:10     | Noticed a hill giant
 10136 | D:10     | Mangled by an orc warrior

Skill      XL: |  1  2  3  4  5  6  7  8  9 10 11 |
---------------+----------------------------------+-----
Armour         | 2 3 4 6 7 8 9 |  9.1
Dodging        | 1 2 3 |  3.3
Fighting       | 4 5 6 7 |  7.1
Maces & Flails | 1 2 3 5 6 7 |  7.6
Invocations    | 3 4 5 6 7 |  7.8
Shields        | 1 2 3 4 5 |  5.1
Axes           | |  1.8

Action                   |  1- 3 |  4- 6 |  7- 9 | 10-12 || total
-------------------------+-------+-------+-------+-------++-------
Melee: Mace              |    74 |   139 |   377 |   232 ||   822
Throw: Tomahawk          |       |       |       |     2 ||     2
Invok: Depart the Abyss  |     1 |       |       |     2 ||     3
       Bend Space        |       |       |     1 |     1 ||     2
       Banish            |       |       |     1 |     1 ||     2
  Use: Scroll            |       |     2 |    24 |     7 ||    33
       Potion            |       |       |     4 |     4 ||     8
  Eat: Chunk             |    11 |    17 |    45 |    22 ||    95
Armor: Leather armour    |    25 |     2 |       |       ||    27
       Chain mail        |       |    94 |   142 |       ||   236
       Ice dragon scales |       |       |   139 |       ||   139
       Plate armour      |       |       |    11 |   263 ||   274
Dodge: Dodged            |    39 |    28 |   135 |    68 ||   270
Block: Shield            |     7 |    49 |   214 |   182 ||   452
